 Dungeon Crawl Stone Soup version 0.30-a0-135-g630cfc4551 (webtiles) character file.

Game seed: 14154176001023450486

53632 greasedhog the Gelid (level 14, -3/88 HPs)
             Began as a Gargoyle Ice Elementalist on Sept 21, 2022.
             Was a High Priest of Vehumet.
             Slain by a troll (8 damage)
             ... led by an orc warlord
             ... on level 2 of the Orcish Mines.
             The game lasted 00:44:20 (22335 turns).

greasedhog the Gelid (Gargoyle Ice Elementalist)   Turns: 22335, Time: 00:44:21

Health: -3/88      AC: 20    Str: 12    XL:     14   Next: 69%
Magic:  13/37      EV: 14    Int: 24    God:    Vehumet [*****.]
Gold:   1285       SH:  5    Dex: 16    Spells: 2/33 levels left

rFire   . . .      SeeInvis .    K - staff of cold
rCold   + + .      Faith    .    (no shield)
rNeg    + . .      Spirit   .    S - +2 robe {Will+}
rPois   ∞          Reflect  +    G - +2 helmet
rElec   +          Harm     .    d - +0 cloak
rCorr   +          Rampage  .    (no gloves)
Will    ++...                    L - +0 pair of boots of Hepliaklqana's Regard {Regen+}
Stlth   +++.......               q - amulet of reflection
HPRegen 1.04/turn                l - ring of magical power
MPRegen 0.25/turn                r - ring of Xasut {rC+ rCorr Int+3 Dex+6 Stlth+}

@: flying
A: sickness immunity, AC +10, big wings, negative energy resistance 1,
electricity resistance, torment resistance 1, petrification resistance
a: Renounce Religion


You were on level 2 of the Orcish Mines.
You worshipped Vehumet.
Vehumet was extremely pleased with you.
You visited 4 branches of the dungeon, and saw 19 of its levels.
You also visited: Ice Cave.

You collected 1996 gold pieces.
You spent 711 gold pieces at shops.

Inventory:

Hand Weapons
 u - the +10 hammer of Nuxum {flame, rElec rCorr Int-3}
   (You found it on level 3 of the Dungeon)

   It burns those it strikes, dealing additional fire damage.
   Int:       It affects your intelligence (-3).
   rElec:     It insulates you from electricity.
   rCorr:     It protects you from acid and corrosion.
Missiles
 f - 18 poisoned darts
 B - 6 throwing nets
Armour
 d - a +0 cloak (worn)
 G - a +2 helmet (worn)
 L - the +0 pair of boots of Hepliaklqana's Regard (worn) {Regen+}
   (You found it on level 5 of the Dungeon)

   Regen:     It increases your rate of health regeneration.
 S - a +2 robe of willpower (worn)
Magical Staves
 c - a staff of fire
 K - a staff of cold (weapon)
Jewellery
 g - a ring of willpower
 h - a +6 ring of dexterity
 i - a +4 ring of protection
 l - a ring of magical power (left hand)
 q - an amulet of reflection (around neck)
 r - the ring of Xasut (right hand) {rC+ rCorr Int+3 Dex+6 Stlth+}
   (You bought it in a shop on level 11 of the Dungeon)

   [ring of dexterity]

   Int:       It affects your intelligence (+3).
   Dex:       It affects your dexterity (+6).
   rC:        It protects you from cold.
   rCorr:     It protects you from acid and corrosion.
   Stlth:     It makes you more stealthy.
 P - a ring of see invisible
 Q - a ring of protection from cold
Wands
 b - a wand of polymorph (5)
 n - a wand of flame (11)
 s - a wand of digging (9)
 A - a wand of roots (24)
 H - a wand of acid (6)
 I - a wand of paralysis (15)
Scrolls
 j - 3 scrolls of immolation
 k - a scroll of enchant weapon
 m - 2 scrolls of vulnerability
 o - 4 scrolls of poison
 y - 3 scrolls of teleportation
 C - 4 scrolls of butterflies
 F - a scroll of brand weapon
 N - 2 scrolls of summoning
 R - a scroll of amnesia
 T - a scroll of blinking
Potions
 a - 5 potions of curing
 e - 7 potions of lignification
 t - 6 potions of attraction
 v - a potion of cancellation {unknown}
 w - 3 potions of mutation
 x - 2 potions of berserk rage
 z - a potion of brilliance
 D - 2 potions of haste
 E - a potion of resistance
 J - 3 potions of flight {unknown}
 O - 2 potions of ambrosia {unknown}


   Skills:
 - Level 10.2 Fighting
 * Level 10.1 Staves
 * Level 4.7 Armour
 - Level 5.0 Dodging
 - Level 2.1 Stealth
 - Level 10.2 Spellcasting
 - Level 10.0 Conjurations
 * Level 15.2 Ice Magic


You had 2 spell levels left.
You knew the following spells:

 Your Spells              Type           Power      Damage    Failure   Level
a - Freeze                Ice            100%       1d11      0%          1
b - Frozen Ramparts       Ice            100%       1d16      1%          3
c - Ozocubu's Armour      Ice            91%        N/A       1%          3
d - Hailstorm             Conj/Ice       83%        3d17      1%          4
e - Ozocubu's Refrigerat  Ice            45%        4d17      2%          7
f - Iskenderun's Mystic   Conj/Tloc      36%        2d9       1%          4
g - Polar Vortex          Ice            45%        N/A       91%         9

Your spell library contained the following spells:

 Spells                   Type           Power      Damage    Failure   Level
 Spellforged Servitor     Conj/Summ      18%        N/A       77%         7
 Magic Dart               Conj           100%       1d8       1%          1
 Ensorcelled Hibernation  Hex/Ice        100%       N/A       1%          2
 Searing Ray              Conj           100%       2d8       1%          2
 Passwall                 Tmut/Erth      10%        N/A       8%          2
 Fulminant Prism          Conj/Hex       18%        3d11      1%          4
 Freezing Cloud           Conj/Ice/Air   34%        6-21      1%          5
 Iskenderun's Battlesphe  Conj           57%        2d11      1%          5
 Kindle Blastsparks       Fire/Tloc/Air  24%        2d12      4%          3
 Fireball                 Conj/Fire      18%        3d9       5%          5
 Lightning Bolt           Conj/Air       18%        1d32      5%          5
 Airstrike                Air            6%         2d(1-17)  13%         4
 Olgreb's Toxic Radiance  Pois           12%        N/A       13%         4
 Swiftness                Air            12%        N/A       16%         3
 Orb of Destruction       Conj           28%        9d9       17%         7
 Conjure Ball Lightning   Conj/Air       18%        3x3d6     24%         6
 Lee's Rapid Deconstruct  Erth           6%         3d7*      34%         5
 Simulacrum               Ice/Necr       32%        N/A       34%         6
 Leda's Liquefaction      Hex/Erth       6%         N/A       45%         4
 Summon Lightning Spire   Summ/Air       12%        N/A       45%         4
 Storm Form               Tmut/Air       6%         N/A       100%        7
 Ignition                 Fire           6%         3d4       100%        8
 Maxwell's Capacitive Co  Air            6%         ∞         100%        8
 Statue Form              Tmut/Erth      Unusable   N/A       N/A         6

Dungeon Overview and Level Annotations

Branches:
Dungeon (11/15)            Temple (1/1) D:6            Lair (5/5) D:11
  Swamp (0/4) Lair:2       Spider (0/4) Lair:2        Slime (0/5) Lair:4
    Orc (2/2) D:11            Elf (0/3) Orc:2         IceCv (visited)

Altars:
Ashenzari
Cheibriados
Dithmenos
Elyvilon
Fedhas
Gozag
Hepliaklqana
Kikubaaqudgha
Makhleb
Nemelex Xobeh
Okawaru
Qazlal
Ru
Sif Muna
Trog
Uskayaw
Vehumet
Wu Jian
Xom
Yredelemnul
Zin
The Shining One
Jiyva

Shops:
D:3 (   D:4 :   D:11 =

Annotations:
Orc:2 Saint Roka


Innate Abilities, Weirdness & Mutations

You are immune to sickness and miasma.
Your stone body is resilient. (AC +10)
You are immune to poison.
Your large and strong wings let you fly.
You resist negative energy. (rN+)
You are resistant to electric shocks. (rElec)
You are resistant to unholy torment.
You are immune to petrification.


Message History

You see here a +0 war axe.
An orc warlord opens the large door.
The orc warlord shoots a bolt.
You reflect the bolt off an invisible shield around you!
The bolt barely misses the orc warlord.
You hear a shout!
An orc sorcerer comes into view. It is wielding a +0 dagger.
The orc wizard shouts!
You hear a shout!
The orc sorcerer moves out of view.
An orc warrior comes into view. It is wielding a +0 halberd.
An orc warrior comes into view. It is wielding a +0 mace.
An orc sorcerer comes into view.
It is wielding a +0 dagger and wearing a +1 robe of the Archmagi.
An orc comes into view. It is wielding a +0 short sword.
Saint Roka roars a battlecry!
The orcs go into a battle-frenzy!
The orc sorcerer shouts!
The orc warrior shouts!
The orc warlord roars a battlecry!
The orc warlord shoots a bolt.
The bolt hits you!!
Saint Roka mumbles some strange prayers to Beogh against you.
Beogh smites you!
The orc warlord shoots a bolt.
The bolt hits you.
You hear a shout! x2
Saint Roka says, "Down here, you're an orc or you're nobody."
Saint Roka calls down the wrath of Beogh upon you.
Beogh smites you! The troll bites you! The troll misses you.
The troll claws you but does no damage.
The orc warlord roars a battlecry!
Saint Roka goes into a battle-frenzy!
The troll attacks as you move away! The troll barely misses you.
The troll completely misses you. The troll closely misses you.
The orc warlord shoots a bolt.
The bolt hits you!!
* * * LOW HITPOINT WARNING * * *
The orc warlord shoots a bolt.
The bolt hits you!
* * * LOW HITPOINT WARNING * * *
You feel better.
Saint Roka invokes the aid of Beogh against you.
Beogh smites you!
* * * LOW HITPOINT WARNING * * *
An orc wizard comes into view. It is wielding a +0 dagger.
The troll closely misses you. The troll claws you!
You die...

##. #...)..............##..
#....#...............#.##...
##.....#.................##..
#.....##................###..
#.#..#.#..............#.#...
#..........................
#.....)....................
####.................#....#..
##.####))....@......o.....###)
##... ##......T...........##
## #...###....#.............##
# #...#.#............o....##
#)..........o........###
##...##....#.........#
#)...#.....o.o......##
##...........o.....##
##.#......#<.......##


You could see Saint Roka (strong), an orc warlord, a troll, an orc sorcerer
(strong), 2 orc wizards and an orc (strong).

Vanquished Creatures
  Rupert (Orc:2)
  Harold (D:9)
  5 hydras
  An ice dragon (IceCv)
  2 catoblepae (Lair:5)
  3 boulder beetles
  3 two-headed ogres
  4 death yaks (Lair:5)
  A deep troll shaman (Lair:5)
  An orb spider (Lair:2)
  3 orc knights
  A lindwurm (Lair:3)
  3 orc sorcerers (Orc:2)
  12 elephants
  2 ice statues (IceCv)
  4 black mambas
  10 cane toads
  12 rime drakes
  A kobold demonologist (D:11)
  10 komodo dragons
  A tengu conjurer (D:11)
  3 trolls
  A hornet (D:9)
  A tyrant leech (Lair:2)
  A slime creature (Lair:4)
  A polar bear (Lair:5)
  9 blink frogs
  A wraith (D:9)
  45 yaks
  2 wyverns
  A steam dragon (D:10)
  A swamp worm (Lair:2)
  2 wargs (Orc:2)
  3 acid dragons
  8 water moccasins
  2 black bears
  A sky beast (D:6)
  25 orc warriors
  31 wolves
  6 ogres
  4 centaurs
  2 phantoms
  2 kobold brigands
  13 bullfrogs
  A gnoll sergeant (D:6)
  4 necrophages
  A scorpion (Lair:1)
  4 lindwurm simulacra (IceCv)
  11 killer bees
  2 howler monkeys
  4 electric eels
  6 komodo dragon simulacra (IceCv)
  5 jellies
  17 orc priests
  Crazy Yiuf (D:3)
  3 gnoll boudas
  4 hounds
  7 iguanas
  Natasha (twice) (D:3)
  16 orc wizards
  5 hell rats (Lair:3)
  13 adders
  12 gnolls
  8 acid dragon simulacra (IceCv)
  5 river rats
  2 shadow imps
  2 white imps (D:7)
  An ufetubus (D:5)
  3 steam dragon simulacra (IceCv)
  2 dart slugs
  62 orcs
  9 endoplasms
  8 giant cockroaches
  9 goblins
  5 hobgoblins
  15 kobolds
  4 quokkas
  4 ball pythons
  6 bats
  4 frilled lizards
  14 rats
  A bush (Lair:5)
  2 butterflies (Lair:5)
530 creatures vanquished.

Vanquished Creatures (others)
  2 bushes (Lair:5)
  49 fungi
  54 plants
105 creatures vanquished.

Grand Total: 635 creatures vanquished

Notes
Turn   | Place    | Note
-------+----------+-------------------------------------------
     0 | D:1      | greasedhog the Gargoyle Ice Elementalist began the quest
                  | for the Orb.
     0 | D:1      | Reached XP level 1. HP: 10/10 MP: 3/3
   268 | D:1      | Reached XP level 2. HP: 16/16 MP: 5/5
   307 | D:1      | Reached skill level 1 in Fighting
   625 | D:1      | Reached XP level 3. HP: 7/20 MP: 6/6
  1196 | D:1      | Found a faded altar of an unknown god.
  1489 | D:2      | Learned a level 3 spell: Frozen Ramparts
  1493 | D:2      | Learned a level 3 spell: Ozocubu's Armour
  1683 | D:2      | Reached XP level 4. HP: 11/26 MP: 8/8
  2066 | D:2      | You fall into a shaft and drop 2 floors!
  2066 | D:4      | Found a shadowy altar of Dithmenos.
  2176 | D:4      | Found Mybrakki's Book Shop.
  2223 | D:5      | Entered Level 5 of the Dungeon
  2270 | D:4      | Reached XP level 5. HP: 22/31 MP: 9/9
  2466 | D:3      | Found Negremay's Antique Weapon Shop.
  2527 | D:3      | Reached skill level 5 in Ice Magic
  2703 | D:3      | Identified the +10 hammer of Nuxum {flame, rElec rCorr
                  | Int-3}
  2705 | D:3      | Found a runed translucent door.
  2706 | D:3      | Noticed Crazy Yiuf
  2707 | D:3      | Identified the +2 hammer "Hereroge" {spect, Dex+3 SInv
                  | Stlth+}
  2715 | D:3      | Killed Crazy Yiuf
  2716 | D:3      | Reached XP level 6. HP: 37/37 MP: 4/11
  2809 | D:3      | Noticed Natasha
  2816 | D:3      | Killed Natasha
  3037 | D:3      | Noticed Natasha
  3102 | D:3      | Killed Natasha
  3935 | D:5      | Identified the +0 pair of boots of Hepliaklqana's Regard
                  | {Regen+}
  4258 | D:5      | Learned a level 4 spell: Hailstorm
  4297 | D:5      | Reached XP level 7. HP: 38/44 MP: 13/13
  4488 | D:5      | Found a snail-covered altar of Cheibriados.
  4496 | D:5      | Reached skill level 6 in Ice Magic
  4547 | D:5      | Found a shimmering altar of Xom.
  4555 | D:5      | Found an ancient bone altar of Kikubaaqudgha.
  4565 | D:5      | Found a glowing silver altar of Zin.
  4610 | D:5      | Found a white marble altar of Elyvilon.
  4914 | D:6      | Reached skill level 5 in Fighting
  4925 | D:6      | Reached skill level 5 in Spellcasting
  4925 | D:6      | Reached XP level 8. HP: 28/50 MP: 4/15
  5044 | D:6      | Reached skill level 1 in Conjurations
  5165 | D:6      | Reached skill level 7 in Ice Magic
  5489 | D:6      | Found a basalt altar of Yredelemnul.
  5616 | D:6      | Found a staircase to the Ecumenical Temple.
  5643 | Temple   | Entered the Ecumenical Temple
  5702 | Temple   | Became a worshipper of Vehumet
  6009 | D:7      | Reached XP level 9. HP: 47/54 MP: 10/16
  6144 | D:7      | Found a burning altar of Makhleb.
  6264 | D:7      | Reached skill level 8 in Ice Magic
  6356 | D:7      | Found a stormy altar of Qazlal.
  6405 | D:7      | Reached skill level 5 in Conjurations
  6435 | D:7      | Reached * piety under Vehumet
  6435 | D:7      | Offered knowledge of Shock by Vehumet.
  6827 | D:8      | Found a glowing golden altar of the Shining One.
  6972 | D:8      | Found a hide-covered altar of Uskayaw.
  7039 | D:9      | Noticed a hornet
  7045 | D:9      | Killed a hornet
  7052 | D:9      | Reached skill level 5 in Dodging
  7149 | D:9      | Offered knowledge of Scorch by Vehumet.
  7150 | D:9      | Reached skill level 1 in Staves
  7218 | D:9      | Reached skill level 9 in Ice Magic
  7218 | D:9      | Reached XP level 10. HP: 29/59 MP: 13/17
  7229 | D:9      | Reached ** piety under Vehumet
  7661 | D:9      | Noticed Harold
  7677 | D:9      | Killed Harold
  8002 | D:10     | Entered Level 10 of the Dungeon
  8099 | D:10     | Noticed a two-headed ogre
  8107 | D:10     | Killed a two-headed ogre
  8180 | D:10     | Found a shimmering blue altar of Sif Muna.
  8226 | D:10     | Reached skill level 10 in Ice Magic
  8363 | D:10     | Reached skill level 5 in Staves
  8369 | D:10     | Reached XP level 11. HP: 47/64 MP: 14/18
  9087 | D:11     | Offered knowledge of Static Discharge by Vehumet.
  9131 | D:11     | Noticed a soul eater
  9261 | D:11     | Found Dutoukh's Jewellery Emporium.
  9345 | D:11     | Bought the ring of Xasut {rC+ rCorr Int+3 Dex+6 Stlth+} for
                  | 711 gold pieces
  9475 | D:11     | Reached *** piety under Vehumet
  9482 | D:11     | Reached skill level 11 in Ice Magic
  9677 | D:11     | Noticed a two-headed ogre
  9683 | D:11     | Killed a two-headed ogre
  9748 | D:11     | Found a staircase to the Lair.
  9865 | D:11     | Noticed a boulder beetle
  9907 | D:11     | Killed a boulder beetle
  9908 | D:11     | Reached skill level 10 in Conjurations
 10003 | D:11     | Found a staircase to the Orcish Mines.
 10048 | D:11     | Noticed a two-headed ogre
 10058 | D:11     | Killed a two-headed ogre
 10145 | Orc:1    | Entered Level 1 of the Orcish Mines
 10251 | D:11     | Learned a level 7 spell: Ozocubu's Refrigeration
 10303 | Orc:2    | Entered Level 2 of the Orcish Mines
 10385 | Orc:2    | Noticed an orc knight
 10394 | Orc:1    | Offered knowledge of Mephitic Cloud by Vehumet.
 10522 | Orc:1    | Killed an orc knight
 10626 | Orc:2    | Noticed an orc knight
 10626 | Orc:2    | Noticed an orc sorcerer
 10772 | Orc:1    | Killed an orc knight
 10773 | Orc:1    | Reached XP level 12. HP: 48/75 MP: 5/20
 10860 | Orc:2    | Paralysed by an orc sorcerer for 2 turns
 10863 | Orc:2    | Reached **** piety under Vehumet
 11055 | Orc:2    | Found a staircase to the Elven Halls.
 11094 | Orc:2    | Offered knowledge of Flame Wave by Vehumet.
 11095 | Orc:2    | Reached skill level 12 in Ice Magic
 11107 | Orc:2    | Noticed Saint Roka
 11304 | Lair:1   | Entered Level 1 of the Lair of Beasts
 12013 | Lair:1   | Noticed a four-headed hydra
 12021 | Lair:1   | Killed a four-headed hydra
 12936 | Lair:2   | Found a hole to the Spider Nest.
 13144 | Lair:2   | Reached skill level 10 in Fighting
 13171 | Lair:2   | Found a frozen archway.
 13194 | IceCv    | Entered an ice cave
 13215 | IceCv    | Learned a level 4 spell: Iskenderun's Mystic Blast
 14941 | IceCv    | Noticed an ice dragon
 14992 | IceCv    | Reached skill level 13 in Ice Magic
 14996 | IceCv    | Killed an ice dragon
 14997 | IceCv    | Reached XP level 13. HP: 30/82 MP: 5/25
 15227 | IceCv    | Reached ***** piety under Vehumet
 15227 | IceCv    | Offered knowledge of Orb of Destruction by Vehumet.
 15240 | IceCv    | Identified the +4 ring mail "Cesishro" {SInv}
 16093 | Lair:2   | Found a staircase to the Swamp.
 18674 | Lair:4   | Found a staircase to the Slime Pits.
 18674 | Lair:4   | Found a viscous altar of Jiyva.
 19021 | Lair:4   | Reached skill level 14 in Ice Magic
 19248 | Lair:4   | Offered knowledge of Arcjolt by Vehumet.
 19259 | Lair:4   | Learned a level 9 spell: Polar Vortex
 19433 | Lair:5   | Entered Level 5 of the Lair of Beasts
 19583 | Lair:5   | Gained mutation: Your large and strong wings let you fly.
                  | [Gargoyle growth]
 19583 | Lair:5   | Reached XP level 14. HP: 88/88 MP: 27/27
 19629 | Lair:5   | Reached skill level 10 in Spellcasting
 20041 | Lair:5   | Reached skill level 1 in Armour
 21346 | Lair:5   | Reached skill level 15 in Ice Magic
 21852 | Orc:2    | Noticed Rupert
 21857 | Orc:2    | Killed Rupert
 22105 | Orc:2    | Offered knowledge of Spellforged Servitor by Vehumet.
 22106 | Orc:2    | Reached skill level 10 in Staves
 22294 | Orc:2    | Noticed an orc warlord
 22335 | Orc:2    | Slain by a troll

Illustrated notes

Levels and vault maps discovered:
D:1:      sevenhm_arrival_forest_fort_large_3, layout_basic,
          dreamdust_ecumenical_altar_hidden_monk_grotto, st_stairs_5,
          chequers_serial_rivers_micro_e
D:2:      layout_rooms
D:3:      layout_rooms, serial_shops, nicolae_shop_trees,
          uniq_crazy_yiuf_cottage, uniq_natasha
D:4:      layout_cave_pods, amcnicky_altar_gilded, serial_shops,
          nicolae_stop_n_shop_2, serial_glass, glass_columns_b, glass_columns_a,
          roderic_roman_lattice
D:5:      layout_basic, minmay_overflow_temple_star_hex, gup_sewer_entry_spiral,
          minmay_misc_feat_doors, kennysheep_generic_room_6
D:6:      layout_rooms, mainiacjoe_overflow_boulevard,
          minmay_temple_entry_nine_rooms, nicolae_figureground_sparkle
D:7:      layout_cave_pools, lemuel_round_altar, grunt_qazlal_sundering,
          solitary_fountain
D:8:      layout_rooms, nicolae_overflow_hidden_temple, tso_oasis_becter
D:9:      layout_rooms, uniq_harold
D:10:     layout_stronghold, mainiacjoe_overflow_alcove_4
D:11:     kennysheep_big_flooded_room, layout_grid_maze,
          grunt_lair_entry_orc_guard_hut, orc_0_dummy, serial_shops, shop,
          dk_vineyard_1
Temple:   jpeg_temple_alley_garden
Lair:1:   layout_layer_cave, grunt_megastairs_1
Lair:2:   layout_long_grid, palyth_hydra_swamp_entry,
          nicolae_spider_entry_orb_guardian, portal_ice_cave_rime,
          amcnicky_mini_pool_medium
Lair:3:   layout_regular_city, chequers_serial_rivers_micro_e,
          kennysheep_abandoned_house, grunt_megastairs_5
Lair:4:   layout_cave_pods, minmay_slime_entry_pillars,
          infiniplex_staircase_pool, lemuel_fruit_fields, serial_bayou_shore_a
Lair:5:   grunt_lair_end_beastmaster, layout_regular_city,
          dreamdust_gnoll_shepherd, lemuel_fruit_tree, lemuel_fruit_fields
Orc:1:    layout_diamond_mine, rock_pile
Orc:2:    pf_orc_diabolical, layout_caves, minmay_orc_treasury, uniq_rupert,
          uniq_saint_roka

Skill      XL: |  1  2  3  4  5  6  7  8  9 10 11 12 13 14 |
---------------+-------------------------------------------+-----
Fighting       | 1 2 3 4 5 8 10 | 10.2
Spellcasting   | 3 4 5 8 9 10 | 10.2
Ice Magic      | 5 6 7 9 10 11 13 14 15 | 15.2
Conjurations   | 4 6 8 10 | 10.0
Dodging        | 3 5 |  5.0
Staves         | 1 5 8 10 | 10.1
Armour         | 4 |  4.7
Stealth        | |  2.1

Action                   |  1- 3 |  4- 6 |  7- 9 | 10-12 | 13-15 || total
-------------------------+-------+-------+-------+-------+-------++-------
Melee: Dagger            |    10 |       |       |       |       ||    10
       Whip              |    84 |    88 |       |       |       ||   172
       Mace              |       |    60 |   146 |   159 |       ||   365
       Punch             |       |       |     1 |     7 |     4 ||    12
       Staff             |       |       |       |   224 |   112 ||   336
 Cast: Freeze            |    14 |    13 |    22 |   128 |   157 ||   334
       Ozocubu's Armour  |       |     1 |     9 |    31 |    11 ||    52
       Frozen Ramparts   |       |     1 |    13 |    39 |    20 ||    73
       Hailstorm         |       |       |     1 |    30 |    42 ||    73
       Ozocubu's Refrige |       |       |       |     7 |    68 ||    75
       Iskenderun's Myst |       |       |       |    52 |    19 ||    71
Evoke: Wand              |       |       |       |     9 |       ||     9
  Use: Scroll            |       |     8 |     1 |    13 |     4 ||    26
       Potion            |       |       |       |    10 |     1 ||    11
 Stab: Sleeping          |     4 |     3 |     1 |       |     2 ||    10
       Distracted        |       |       |     1 |       |     1 ||     2
Armor: Robe              |    34 |    73 |    91 |   281 |   145 ||   624
       Acid dragon scale |       |       |       |    13 |       ||    13
Dodge: Dodged            |    48 |   102 |   206 |   470 |   201 ||  1027
Block: Other             |       |       |       |       |    31 ||    31
       Reflection        |       |       |       |       |     2 ||     2

Table legend: (Time is in decaauts)
 A = Elapsed time spent in this place.
 B = Non-inter-level travel time spent in this place.
 C = Inter-level travel time spent in this place.
 D = Time resting spent in this place.
 E = Time spent auto-exploring this place.
 F = Levels seen in this place.
 G = Mean time per level.
                   A        B        C        D        E       F      G
               +--------+--------+--------+--------+--------+-----+--------+
         Total |  22517 |  21557 |    960 |   4730 |  12910 |  20 | 1125.8 |
       Dungeon |  10367 |   9797 |    570 |   1588 |   6360 |  11 |  942.5 |
        Temple |     92 |     61 |     31 |      0 |     37 |   1 |   92.0 |
          Lair |   8149 |   7813 |    336 |    894 |   5822 |   5 | 1629.8 |
  Orcish Mines |   1694 |   1672 |     22 |    853 |    443 |   2 |  847.0 |
      Ice Cave |   2212 |   2212 |      0 |   1395 |    247 |   1 | 2212.0 |
               +--------+--------+--------+--------+--------+-----+--------+

Top non-repeatable levels by time:
   IceCv: 2212 daAuts
  Lair:5: 2111 daAuts
  Lair:2: 1623 daAuts
  Lair:1: 1509 daAuts
  Lair:4: 1484 daAuts
     D:1: 1448 daAuts
  Lair:3: 1420 daAuts
    D:11: 1410 daAuts
     D:5: 1278 daAuts
     D:6: 1015 daAuts
    D:10: 903 daAuts
     D:4: 900 daAuts
   Orc:2: 900 daAuts
     D:9: 805 daAuts
     D:7: 798 daAuts
